 Dungeon Crawl Stone Soup version 0.27-a0-1196-g3e9cee4cb2 (webtiles) character file.

Game seed: 728108974833160320

263 robertstho the Magician (level 6, -3/60 HPs)
             Began as a Djinni Fire Elementalist on May 27, 2021.
             Slain by an orc wizard
             ... wielding a +0 whip
              (5 damage)
             ... on level 3 of the Dungeon.
             The game lasted 00:03:19 (3580 turns).

robertstho the Magician (Djinni Fire Elementalist)  Turns: 3580, Time: 00:03:20

Health: -3/60      AC:  2    Str:  7    XL:     6   Next: 42%
Gold:   125        EV: 12    Int: 19    God:
                   SH:  0    Dex: 13

rFire    + + .     SeeInvis .   e - +2 dagger (holy)
rCold    x . .     Faith    .   (no shield)
rNeg     . . .     Spirit   .   a - +0 robe
rPois    ∞         Reflect  .   (no helmet)
rElec    .         Harm     .   (no cloak)
rCorr    .         Rampage  .   (no gloves)
Will     .....                  (boots unavailable)
Stlth    ..........             (no amulet)
HPRegen  0.20/turn              (no ring)
MPRegen  0.00/turn              (no ring)

@: berserking, flying, very slightly contaminated, very quick
A: sickness immunity, fire resistance 2, cold vulnerability 1, float, innate
caster, hp casting, extra vitality 1
a: no special abilities


You were on level 3 of the Dungeon.
You visited 1 branch of the dungeon, and saw 3 of its levels.

You collected 125 gold pieces.

Inventory:

Hand Weapons
 e - a +2 dagger of holy wrath (weapon)
Armour
 a - a +0 robe (worn)
Wands
 g - a wand of digging (5)
 h - a wand of acid (10)
Scrolls
 b - a scroll of fog {unknown}
 c - 2 scrolls of identify {unknown}
 d - 4 scrolls of teleportation {unknown}
 i - a scroll of blinking {unknown}
 j - a scroll of silence {unknown}
Potions
 f - a potion of berserk rage


   Skills:
 + Level 2.6 Dodging
 + Level 2.7 Stealth
 + Level 4.6 Spellcasting


You couldn't memorise any spells.
You knew the following spells:

 Your Spells              Type           Power      Damage    Failure   Level
a - Foxfire               Conj/Fire      88%        2x1d8     1%          1
b - Conjure Flame         Conj/Fire      22%        6-21      5%          3
c - Inner Flame           Hex/Fire       22%        N/A       5%          3
d - Sticky Flame          Conj/Fire      22%        2d4       19%         4
e - Fireball              Conj/Fire      11%        3d7       45%         5
f - Apportation           Tloc           44%        N/A       1%          1
g - Call Imp              Summ           22%        N/A       2%          2
Your spell library was empty.

Dungeon Overview and Level Annotations

Branches:
Dungeon (3/15)

Altars:


Innate Abilities, Weirdness & Mutations

You are immune to sickness and miasma.
You are immune to poison.
Your flesh is very heat resistant. (rF++)
You are vulnerable to cold. (rC-)
You float through the air rather than walking.
You learn spells naturally, not from books.
Your magical power is your life essence.
You have superior vitality. (+4 HP)


Message History

You conjure some foxfire!
The foxfire hits the orc.
The orc is severely wounded.
The foxfire hits the orc!
You kill the orc!
Casting: Foxfire (safe; 1% risk of failure)
Confirm with . or Enter, or press ? or * to list all spells.
The spell is quite dangerous to cast (19% risk of failure)!
Continue anyway? [Y]es or [N]o only, please.
The spell is quite dangerous to cast (19% risk of failure)!
Continue anyway?
Okay, then.
Casting: Sticky Flame (quite dangerous; 19% risk of failure)
Confirm with . or Enter, or press ? or * to list all spells.
The spell is quite dangerous to cast (19% risk of failure)!
Continue anyway?
Aiming: Sticky Flame (quite dangerous; 19% risk of failure)
Press: ? - help, Shift-Dir - straight line, f - orc priest
Aim: an orc priest, wielding a +0 flail and wearing a +0 leather armour (severely wounded, 100% to hit)
You miscast Sticky Flame.
You are very lightly contaminated with residual magic.
Flames sear your flesh. You resist.
* * * LOW HITPOINT WARNING * * *
x2 The orc priest hits you with a +0 flail.
* * * LOW HITPOINT WARNING * * *
You hear some strange, mumbled words.
Something tries to affect you, but you resist.
It was a potion of berserk rage.
A red film seems to cover your vision as you go berserk!
You feel yourself moving faster!
You feel mighty! The orc priest barely misses you.
You hit the orc priest but do no damage.
The orc priest is severely wounded.
The orc priest hits you with a +0 flail.
* * * LOW HITPOINT WARNING * * *
An orc comes into view. It is wielding a +0 trident.
The orc shouts!
You puncture the orc priest!
You kill the orc priest!
Something hits you but does no damage. Something hits you.
You die...

.....>.......###..# #.#
.........##.## #.## #.#
.........##.####.####.#
.##########.##.....##.#
## #.##.###.##.# #
#....# #....#
####.###.#### #.....#
###@#### #.)o.# #.##.#
#.# .. #.# §§. #.# §..
#.# .. #.# . ..#


You could see an orc.

Vanquished Creatures
  An ogre (D:3)
  A jelly (D:3)
  An orc priest (D:3)
  3 gnolls (D:3)
  2 adders
  A worm (D:2)
  5 dart slugs
  2 orcs (D:3)
  6 endoplasms
  A giant cockroach (D:2)
  8 goblins
  4 hobgoblins
  A quokka (D:3)
  2 ball pythons
  3 bats (D:2)
  A frilled lizard (D:2)
  6 kobolds
  4 rats
52 creatures vanquished.

Vanquished Creatures (others)
  275 foxfires
275 creatures vanquished.

Grand Total: 327 creatures vanquished

Notes
Turn   | Place    | Note
-------+----------+-------------------------------------------
     0 | D:1      | robertstho the Djinni Fire Elementalist began the quest for
                  | the Orb.
     0 | D:1      | Reached XP level 1. HP: 15/15 MP: 0/0
   138 | D:1      | Reached XP level 2. HP: 16/21 MP: 0/0
   688 | D:1      | Found a faded altar of an unknown god.
   888 | D:1      | Reached skill level 3 in Spellcasting
  1181 | D:2      | Reached XP level 3. HP: 20/25 MP: 0/0
  1181 | D:2      | Learned a level 1 spell: Apportation
  1991 | D:2      | Reached XP level 4. HP: 28/31 MP: 0/0
  2578 | D:3      | Noticed an ogre
  2586 | D:3      | Killed an ogre
  2587 | D:3      | Reached skill level 4 in Spellcasting
  2587 | D:3      | Reached XP level 5. HP: 29/35 MP: 0/0
  2587 | D:3      | Learned a level 2 spell: Call Imp
  3085 | D:3      | Reached XP level 6. HP: 36/40 MP: 0/0
  3576 | D:3      | HP: 2/40 [orc priest/+0 flail (6)]
  3580 | D:3      | Slain by an orc wizard

Illustrated notes

Levels and vault maps discovered:
D:1:      dpeg_arrival_radiant, layout_rooms,
          hellmonk_ecumenical_altar_prayer_group
D:2:      kennysheep_six_static_rooms, layout_basic
D:3:      layout_loops_ring, nicolae_qazlal_scattered_showers,
          nicolae_yredelemnul_ghost_church, palyth_stone_intersect,
          nicolae_underground_beach

Skill      XL: |  1  2  3  4 |
---------------+-------------+-----
Spellcasting   | 3 4 |  4.6
Stealth        | 2 |  2.7
Dodging        | |  2.6

Action                   |  1- 3 |  4- 6 || total
-------------------------+-------+-------++-------
Melee: Dagger            |       |     2 ||     2
 Cast: Foxfire           |    94 |    73 ||   167
  Use: Potion            |       |     1 ||     1
Armor: Robe              |     1 |     2 ||     3
Dodge: Dodged            |     4 |     6 ||    10

Table legend: (Time is in decaauts)
 A = Elapsed time spent in this place.
 B = Non-inter-level travel time spent in this place.
 C = Inter-level travel time spent in this place.
 D = Time resting spent in this place.
 E = Time spent auto-exploring this place.
 F = Levels seen in this place.
 G = Mean time per level.
                   A        B        C        D        E       F      G
               +--------+--------+--------+--------+--------+-----+--------+
         Total |   3578 |   3520 |     58 |      0 |   3221 |   3 | 1192.7 |
       Dungeon |   3578 |   3520 |     58 |      0 |   3221 |   3 | 1192.7 |
               +--------+--------+--------+--------+--------+-----+--------+

Top non-repeatable levels by time:
     D:2: 1461 daAuts
     D:1: 1115 daAuts
     D:3: 1001 daAuts
